[Event "Titled Tuesday Blitz March 28 Late 2023"]
[White "Buchenau, Frank"]
[Black "Gold_Ocean"]
[WhiteFideId "4604350"]
[WhiteElo "2157"]
[BlackElo "2615"]
[Result "0-1"]
[Round "04"]
[TimeControl "180+2"]
[Date "2023.03.28"]
[WhiteClock "0:00:09"]
[BlackClock "0:02:00"]

1. e4 c5 2. Nf3 d6 3. Bb5+ Bd7 4. Bxd7+ Qxd7 5. c4 Nc6 6. d4 cxd4 7. Nxd4 Nf6 8. Nc3 g6 9. f3 Bg7 10. Be3 O-O 11. O-O Rac8 12. b3 a6 13. Qd3 Ne5 14. Qd2 Rfd8 15. Rac1 e6 16. Rfd1 d5 17. cxd5 exd5 18. f4 Rxc3 19. Qxc3 Nxe4 20. Qc7 Qxc7 21. Rxc7 Ng4 22. Bc1 Ngf2 23. Rd2 Nxd2 24. Kxf2 Bxd4+ 25. Ke2 Ne4 0-1


[Site "https://www.chess.com"]

[Event "Titled Tuesday Blitz March 28 Late 2023"]
[White "Zavortink, Matt"]
[Black "Sochacki, Christophe"]
[WhiteFideId "2034263"]
[BlackFideId "662569"]
[WhiteElo "2395"]
[BlackElo "2474"]
[Result "0-1"]
[Round "04"]
[TimeControl "180+2"]
[Date "2023.03.28"]
[WhiteClock "0:00:03"]
[BlackClock "0:00:05"]

1. c4 c5 2. Nf3 Nc6 3. Nc3 Nf6 4. e3 d5 5. cxd5 Nxd5 6. Bb5 Nc7 7. Bc4 e5 8. O-O Be7 9. h3 O-O 10. e4 Be6 11. d3 Nd4 12. a4 Bd6 13. Be3 Qf6 14. Nd2 Qg6 15. Bxe6 Ncxe6 16. Nd5 Kh8 17. Qg4 Rad8 18. Nc4 Bb8 19. Qxg6 hxg6 20. Bxd4 Nxd4 21. Nce3 f5 22. f3 Kh7 23. Rf2 a6 24. a5 g5 25. exf5 Nxf5 26. Rd1 Ba7 27. Nxf5 Rxd5 28. Ne3 Rd4 29. Nc4 Rfd8 30. Rfd2 Bb8 31. Kf1 Kg6 32. Ke2 Kf5 33. b3 Bc7 34. Ke3 R8d7 35. g4+ Kf6 36. Rh1 Rd8 37. h4 g6 38. h5 e4 39. fxe4 Bf4+ 40. Ke2 Bxd2 41. Nxd2 Rxd3 42. Nf3 Rxb3 43. hxg6 Kxg6 44. Rh5 Kf6 45. e5+ Ke6 46. Rxg5 Rdd3 47. Rg6+ Kd5 48. Rd6+ Ke4 49. Nd2+ Rxd2+ 50. Rxd2 Kxe5 51. Rd7 c4 52. g5 Kf5 53. Rc7 c3 54. Rc5+ Ke4 55. g6 Rb2+ 56. Kd1 Kd4 57. Rc8 Rg2 58. Rd8+ Kc4 59. Rb8 c2+ 60. Kc1 Kc3 61. Rc8+ Kb3 0-1


[Site "https://www.chess.com"]

[Event "Titled Tuesday Blitz March 28 Late 2023"]
[White "Atanasov, Anthony"]
[Black "drdaro"]
[WhiteFideId "2623897"]
[WhiteElo "2206"]
[BlackElo "2393"]
[Result "1-0"]
[Round "04"]
[TimeControl "180+2"]
[Date "2023.03.28"]
[WhiteClock "0:00:29"]
[BlackClock "0:00:01"]

1. d4 f5 2. c4 Nf6 3. Nc3 g6 4. h4 Bg7 5. h5 Nxh5 6. e4 fxe4 7. Rxh5 gxh5 8. Qxh5+ Kf8 9. Bh6 Qe8 10. Qxe8+ Kxe8 11. Bxg7 Rg8 12. Bh6 Nc6 13. O-O-O d6 14. Nxe4 Bf5 15. Bd3 Rxg2 16. Nxd6+ cxd6 17. Bxf5 Rxf2 18. Bg4 e5 19. Nh3 Rg2 20. Bh5+ Kd7 21. dxe5 Nxe5 22. Bf4 Ke7 23. Re1 Rc8 24. b3 Kf6 25. Rf1 Nd3+ 26. Kb1 Nxf4 27. Nxf4 Rg5 28. Nd5+ Ke5 29. Re1+ Kd4 30. Rd1+ Kc5 31. b4+ Kxc4 32. Be2# 1-0


[Site "https://www.chess.com"]

[Event "Titled Tuesday Blitz March 28 Late 2023"]
[White "Romanchuk, Viktor"]
[Black "Abduzhaparov"]
[WhiteFideId "14109271"]
[WhiteElo "2242"]
[BlackElo "2386"]
[Result "1-0"]
[Round "04"]
[TimeControl "180+2"]
[Date "2023.03.28"]
[WhiteClock "0:01:19"]
[BlackClock "0:01:36"]

1. d4 d6 2. c4 Nf6 3. Nf3 Nbd7 4. g3 e5 5. Bg2 Be7 6. Nc3 O-O 7. O-O Re8 8. e4 Bf8 9. h3 c6 10. Be3 exd4 11. Nxd4 Nc5 12. Qc2 a5 13. Rad1 Qe7 14. Rfe1 Nfxe4 15. Nxe4 Nxe4 16. Bf4 d5 17. cxd5 cxd5 18. f3 g5 19. Bc1 Qd6 20. fxe4 Qxg3 21. Qf2 Qxf2+ 22. Kxf2 Bc5 23. exd5 Bf5 24. Rxe8+ Rxe8 25. Bxg5 Be4 26. Bxe4 Rxe4 27. Be3 f5 28. Kf3 Re5 29. Nc2 Bf8 30. d6 1-0


[Site "https://www.chess.com"]

[Event "Titled Tuesday Blitz March 28 Late 2023"]
[White "Bouget, Alexandre"]
[Black "Janaszak, Dawid"]
[WhiteFideId "681318"]
[BlackFideId "1119206"]
[WhiteElo "2177"]
[BlackElo "2220"]
[Result "0-1"]
[Round "04"]
[TimeControl "180+2"]
[Date "2023.03.28"]
[WhiteClock "0:00:55"]
[BlackClock "0:00:18"]

1. d4 Nf6 2. c4 c5 3. d5 b5 4. cxb5 a6 5. Nc3 axb5 6. e4 b4 7. Nb5 d6 8. Bc4 g6 9. e5 dxe5 10. d6 exd6 11. Bg5 Nbd7 12. Nxd6+ Bxd6 13. Qxd6 Qe7 14. Qc6 Rb8 15. Rd1 Bb7 16. Qc7 O-O 17. Ne2 Rfc8 18. Bxf6 Qxf6 19. Qxd7 Rd8 20. Qc7 Rxd1+ 21. Kxd1 Rd8+ 22. Ke1 Bxg2 23. Rg1 Bf3 24. Qxc5 e4 25. Qxb4 Qf4 26. Qc3 Qxh2 27. Qf6 Qxg1+ 28. Nxg1 Rd1# 0-1


[Site "https://www.chess.com"]

[Event "Titled Tuesday Blitz March 28 Late 2023"]
[White "Zeynalli, Rashad"]
[Black "ArtemDyachuk"]
[WhiteFideId "13403320"]
[WhiteElo "2125"]
[BlackElo "2378"]
[Result "1/2-1/2"]
[Round "04"]
[TimeControl "180+2"]
[Date "2023.03.28"]
[WhiteClock "0:00:10"]
[BlackClock "0:00:03"]

1. d4 Nf6 2. Bf4 g6 3. e3 Bg7 4. Nf3 O-O 5. Be2 d6 6. h3 Nbd7 7. O-O Qe8 8. c4 e5 9. Bh2 c6 10. Nc3 e4 11. Nd2 Qe6 12. Nb3 d5 13. cxd5 cxd5 14. Nb5 Ne8 15. Rc1 a6 16. Nc7 Nxc7 17. Rxc7 Re8 18. Qd2 Bf8 19. Rfc1 Bd6 20. Bxd6 Qxd6 21. R1c2 Nb6 22. Qa5 Nd7 23. Qa4 b5 24. Bxb5 Nb6 25. Bxe8 Nxa4 26. Bxa4 Be6 27. a3 Rb8 28. R7c6 Qe7 29. Nc5 Bf5 30. Nxa6 Ra8 31. Nc7 Rxa4 32. Nxd5 Qg5 33. Kh2 Be6 34. Nf4 Qf5 35. R6c5 Qf6 36. Rc6 Qf5 37. R2c5 Qf6 38. d5 g5 39. Nxe6 Qe5+ 40. g3 fxe6 41. dxe6 Qxb2 42. e7 Qxf2+ 43. Kh1 Qf1+ 44. Kh2 Qf2+ 45. Kh1 Qe1+ 46. Kg2 Qe2+ 47. Kg1 Qxe3+ 48. Kg2 Qf3+ 49. Kh2 Qe2+ 50. Kg1 Qe1+ 51. Kg2 Qd2+ 52. Kh1 Kf7 53. Re5 Qe1+ 54. Kg2 Qe2+ 55. Kg1 Qd1+ 56. Kh2 Qd2+ 57. Kh1 Qe1+ 58. Kh2 Qf2+ 59. Kh1 Qf3+ 60. Kh2 Qf2+ 61. Kh1 Qe1+ 1/2-1/2


[Site "https://www.chess.com"]

[Event "Titled Tuesday Blitz March 28 Late 2023"]
[White "Guzman Moneo, Alberto"]
[Black "Lenaerts, Lennert"]
[WhiteFideId "2209616"]
[BlackFideId "211435"]
[WhiteElo "2157"]
[BlackElo "2334"]
[Result "0-1"]
[Round "04"]
[TimeControl "180+2"]
[Date "2023.03.28"]
[WhiteClock "0:00:04"]
[BlackClock "0:01:01"]

1. Nf3 d5 2. g3 Nf6 3. Bg2 e6 4. O-O Be7 5. c4 O-O 6. b3 b6 7. Bb2 Bb7 8. d3 c5 9. e3 Nc6 10. Qe2 Qd7 11. Nc3 Rfd8 12. Rad1 Rac8 13. cxd5 Nxd5 14. Nxd5 Qxd5 15. Ne5 Qd6 16. Nxc6 Bxc6 17. Bxc6 Qxc6 18. d4 Bf6 19. dxc5 Bxb2 20. Qxb2 Qxc5 21. Rxd8+ Rxd8 22. Rc1 Qd6 23. Qc3 g6 24. h4 h5 25. Qc7 a5 26. Qxd6 Rxd6 27. Rc8+ Kg7 28. Rb8 Kf6 29. f4 Kf5 30. Rb7 f6 31. Kf2 Ke4 32. Re7 e5 33. fxe5 fxe5 34. Ke2 Rc6 35. Kd2 Rd6+ 36. Ke2 b5 37. a4 bxa4 38. bxa4 Rb6 39. Kd2 Rb3 40. Re6 Rd3+ 41. Kc2 Rxe3 42. Rxg6 Ra3 43. Rg5 Kd4 44. Rxh5 Rxg3 45. Rh8 e4 46. h5 Rg2+ 47. Kd1 Kd3 48. Rd8+ Ke3 49. Rd5 Rg1+ 50. Kc2 Ke2 51. Rxa5 e3 52. Rf5 Rg8 53. h6 Rc8+ 54. Kb3 Kd3 55. Rd5+ Ke4 56. Rd7 Re8 57. h7 e2 58. Re7+ Rxe7 59. h8=Q e1=Q 60. Qa8+ Ke5 61. Qb8+ Kd5 62. Qd8+ Kc6 63. Qc8+ Rc7 64. Qa6+ Kd7 65. Qb5+ Kc8 66. Qf5+ Kb8 67. Qf8+ Ka7 0-1


[Site "https://www.chess.com"]

[Event "Titled Tuesday Blitz March 28 Late 2023"]
[White "Van Dael, Siem"]
[Black "MKlose11"]
[WhiteFideId "1049771"]
[WhiteElo "2336"]
[BlackElo "2540"]
[Result "0-1"]
[Round "04"]
[TimeControl "180+2"]
[Date "2023.03.28"]
[WhiteClock "0:00:41"]
[BlackClock "0:01:43"]

1. d4 Nf6 2. c4 g6 3. Nc3 c5 4. d5 Bg7 5. e4 d6 6. f4 O-O 7. Nf3 e6 8. Be2 exd5 9. cxd5 Re8 10. e5 dxe5 11. fxe5 Ng4 12. e6 fxe6 13. Bg5 Bf6 14. Bxf6 Qxf6 15. Qd2 e5 16. Ne4 Qf4 17. Qxf4 exf4 18. Nd6 Rd8 19. Nxc8 Rxc8 20. O-O-O Nf2 21. d6 Nxh1 22. Bc4+ Kg7 23. Rxh1 Nc6 24. Ng5 Nd4 25. h4 h6 26. Ne4 Re8 27. Bd5 Rab8 28. Rf1 Re5 29. Nc3 b5 30. Rxf4 Rxd5 31. Nxd5 Ne2+ 32. Kc2 Nxf4 33. Nxf4 Kf6 0-1


[Site "https://www.chess.com"]

[Event "Titled Tuesday Blitz March 28 Late 2023"]
[White "Sanchez Alvares, Kelvin Antonio"]
[Black "Fan_Of_Chucky"]
[WhiteFideId "3906680"]
[WhiteElo "2217"]
[BlackElo "2362"]
[Result "1/2-1/2"]
[Round "04"]
[TimeControl "180+2"]
[Date "2023.03.28"]
[WhiteClock "0:00:07"]
[BlackClock "0:00:04"]

1. e4 c5 2. Nf3 d6 3. d4 cxd4 4. Nxd4 Nf6 5. Nc3 Nc6 6. Bg5 e6 7. f4 a6 8. Qd3 Be7 9. O-O-O Bd7 10. Nf3 b5 11. e5 dxe5 12. fxe5 Nd5 13. Bxe7 Ncxe7 14. Ne4 O-O 15. Nfg5 Ng6 16. h4 Nxe5 17. Qg3 Qc7 18. Nf3 Rac8 19. c3 Nxf3 20. Qxf3 Bc6 21. Kb1 Qe5 22. Bd3 f5 23. Qg3 f4 24. Qh3 Ne3 25. Ng5 h6 26. Qxe6+ Qxe6 27. Nxe6 Nxd1 28. Nxf8 Nxc3+ 29. bxc3 Rxf8 30. Rg1 Rd8 31. Kc2 Bd5 32. a3 g5 33. hxg5 hxg5 34. Be2 Kf7 35. Bf3 Bxf3 36. gxf3 Kf6 37. Rh1 Kf5 38. Rh6 Re8 39. Rxa6 Re2+ 40. Kd3 Re3+ 41. Kd2 Rxf3 42. Rb6 Rf2+ 43. Ke1 Rb2 44. a4 Rb1+ 45. Kf2 g4 46. Rxb5+ Rxb5 47. axb5 Ke5 48. c4 Kd6 49. Ke2 Kc5 50. Kf2 f3 51. Kg3 Kb6 52. Kf2 Kc5 53. Kf1 Kd6 54. Kg1 Kc5 55. Kh2 Kd4 56. Kg3 Ke3 57. b6 f2 58. b7 f1=Q 59. b8=Q Qf3+ 60. Kh4 Qf6+ 61. Kxg4 Qe6+ 62. Kg3 Qxc4 63. Qe5+ Kd2 64. Qf4+ Qxf4+ 65. Kxf4 1/2-1/2


[Site "https://www.chess.com"]

[Event "Titled Tuesday Blitz March 28 Late 2023"]
[White "Jorajuria Mendoza, Algol"]
[Black "Belov, Alexei"]
[WhiteFideId "5128897"]
[BlackFideId "4128206"]
[WhiteElo "2076"]
[BlackElo "2528"]
[Result "0-1"]
[Round "04"]
[TimeControl "180+2"]
[Date "2023.03.28"]
[WhiteClock "0:00:14"]
[BlackClock "0:00:09"]

1. e4 e6 2. d4 d5 3. Nc3 Nf6 4. e5 Ne4 5. Nxe4 dxe4 6. c3 c5 7. Be2 Nc6 8. Be3 cxd4 9. cxd4 Bb4+ 10. Kf1 O-O 11. Nh3 Qd7 12. Ng5 Rd8 13. Bb5 Qd5 14. Qh5 Qxb5+ 15. Kg1 Rd7 16. Qxh7+ Kf8 17. Qh8+ Ke7 18. Nxe4 Rxd4 19. Bxd4 Nxd4 20. Qh4+ Ke8 21. Nf6+ gxf6 22. Qxd4 fxe5 23. Qg4 Bd7 24. h4 Bf8 25. h5 Qxb2 26. Rd1 Bb5 27. h6 Be2 28. Qa4+ b5 29. Qa6 Bxd1 30. Qc6+ Ke7 31. Qxa8 Qc1 32. Qxa7+ Kf6 33. Qe3 Qb1 34. Qb3 Bxb3+ 0-1


[Site "https://www.chess.com"]

[Event "Titled Tuesday Blitz March 28 Late 2023"]
[White "Todev, Simeon"]
[Black "Ibadov, Dashgyn"]
[WhiteFideId "2925133"]
[BlackFideId "24107514"]
[WhiteElo "1938"]
[BlackElo "2208"]
[Result "0-1"]
[Round "04"]
[TimeControl "180+2"]
[Date "2023.03.28"]
[WhiteClock "0:00:02"]
[BlackClock "0:00:05"]

1. e4 e6 2. d4 d5 3. exd5 exd5 4. c4 Nf6 5. cxd5 Nbd7 6. Nc3 Nb6 7. Nf3 Nbxd5 8. Bd3 Be7 9. O-O O-O 10. Bb1 Bg4 11. h3 Bh5 12. Bg5 Re8 13. Bc2 h6 14. Bxf6 Bxf6 15. Bb3 Nf4 16. Bc2 Qd6 17. Ne4 Qc6 18. Re1 Rad8 19. Rc1 Qb6 20. Nxf6+ Qxf6 21. Be4 Nxh3+ 22. Kf1 Ng5 23. Bxb7 Rxe1+ 24. Kxe1 Nxf3+ 25. Bxf3 Rxd4 26. Qe2 Bxf3 27. gxf3 Rd6 28. Rc3 Re6 29. Re3 h5 30. Qd2 g6 31. Rxe6 Qxe6+ 32. Kf1 Qxa2 33. Qd8+ Kg7 34. Qd4+ Kh7 35. Qf4 c6 36. Qe5 Qe6 37. Qc5 a6 38. Qg5 Kg7 39. Kg2 Qd5 40. Qe3 a5 41. Qc3+ Kg8 42. Qe3 Kg7 43. Qc3+ Kh7 44. Qe3 a4 45. Qa7 Qb3 46. Kg3 Kg7 47. Qd4+ Kg8 48. Qd8+ Kh7 49. Qc7 Qd5 50. Qa7 Qe5+ 51. Kg2 Qg5+ 52. Kh3 Qf4 53. Kg2 h4 54. Qb7 h3+ 55. Kxh3 Qxf3+ 56. Kh2 Qxf2+ 57. Kh3 Qf3+ 58. Kh2 Qe2+ 59. Kh3 Qe3+ 60. Kh2 Qe6 61. Qb4 Kg7 62. Qxa4 Qe5+ 63. Kh3 Qxb2 64. Qxc6 Qb3+ 65. Kh2 Qa2+ 66. Kg1 Qe6 67. Qc3+ Qf6 68. Qd3 Qe5 69. Qd2 Qc5+ 70. Kg2 Qe5 71. Qc2 g5 72. Qd2 Qe4+ 73. Kg1 Qe5 74. Kg2 Kg6 75. Qc2+ f5 76. Qc6+ Kh5 77. Qf3+ g4 78. Qb3 Qe4+ 79. Kf2 Qd4+ 80. Kg2 Qe4+ 81. Kf2 f4 82. Qf7+ Kg5 83. Qg7+ Qg6 84. Qe7+ Qf6 85. Qc5+ Kh4 86. Qc1 Qd4+ 87. Kf1 Qd3+ 88. Kg2 Qe2+ 89. Kh1 Qf3+ 90. Kh2 g3+ 91. Kg1 Qf2+ 92. Kh1 Qh2# 0-1


[Site "https://www.chess.com"]

[Event "Titled Tuesday Blitz March 28 Late 2023"]
[White "Sliwicki, Damian"]
[Black "Ronka, Erik"]
[WhiteFideId "1127128"]
[BlackFideId "505080"]
[WhiteElo "2030"]
[BlackElo "2264"]
[Result "0-1"]
[Round "04"]
[TimeControl "180+2"]
[Date "2023.03.28"]
[WhiteClock "0:00:07"]
[BlackClock "0:01:57"]

1. e4 c5 2. Nf3 d6 3. d4 cxd4 4. Qxd4 a6 5. c4 Nf6 6. Nc3 g6 7. Bg5 Bg7 8. Qd2 O-O 9. Bh6 Bg4 10. Bxg7 Kxg7 11. Be2 Nc6 12. h4 h5 13. Nd4 Bxe2 14. Nxc6 bxc6 15. Qxe2 Qa5 16. O-O Rab8 17. Rac1 Qe5 18. Kh1 Ng4 19. f4 Qd4 20. Rcd1 Qe3 21. Rf3 Qxe2 22. Nxe2 Rxb2 23. Nc3 Nf2+ 24. Rxf2 Rxf2 25. Rd3 Rb8 26. e5 Rxf4 27. exd6 exd6 28. Rxd6 Rxh4+ 29. Kg1 Rxc4 30. Ne2 Rb2 31. Kf2 Rcc2 32. Kf3 Rxe2 33. Rd7 Rxg2 34. a4 h4 35. Ke4 h3 36. a5 h2 37. Rd1 Rg1 0-1


[Site "https://www.chess.com"]

[Event "Titled Tuesday Blitz March 28 Late 2023"]
[White "Torres Boch, Jose Francisco"]
[Black "Vovk, Orest"]
[WhiteFideId "2278383"]
[BlackFideId "14113490"]
[WhiteElo "2073"]
[BlackElo "2215"]
[Result "0-1"]
[Round "04"]
[TimeControl "180+2"]
[Date "2023.03.28"]
[WhiteClock "0:00:01"]
[BlackClock "0:00:03"]

1. e4 g5 2. d4 g4 3. Nc3 Bg7 4. Be3 h5 5. h3 d6 6. hxg4 hxg4 7. Rxh8 Bxh8 8. Be2 Nf6 9. e5 dxe5 10. dxe5 Qxd1+ 11. Rxd1 Nh5 12. Nd5 Bxe5 13. f4 Bd6 14. c4 c6 15. c5 cxd5 16. cxd6 e6 17. Bxg4 Nf6 18. Bf3 Kd7 19. Bd4 Ne8 20. g4 Nxd6 21. Nh3 Nc6 22. Bf6 Kc7 23. Ng5 Bd7 24. Kf2 Ne8 25. Bc3 a5 26. Nxf7 Nd6 27. Ne5 Rf8 28. Kg3 b6 29. g5 Nf5+ 30. Kf2 d4 31. Nxc6 dxc3 32. Ne5 Be8 33. Rc1 Rh8 34. Rxc3+ Kd6 35. Nc4+ Ke7 36. Nxb6 Rh2+ 37. Ke1 Rxb2 38. Rb3 Rxa2 39. Nc4 a4 40. Rb7+ Kd8 41. Ra7 Nd4 42. Bd1 Bb5 43. Nd6 Bd3 44. Nf7+ Kc8 45. Ne5 Kb8 0-1


[Site "https://www.chess.com"]

[Event "Titled Tuesday Blitz March 28 Late 2023"]
[White "Shkuran, Danylo"]
[Black "Karamsetty, Jeevan"]
[WhiteFideId "14106248"]
[BlackFideId "2025337"]
[WhiteElo "2427"]
[BlackElo "2111"]
[Result "0-1"]
[Round "04"]
[TimeControl "180+2"]
[Date "2023.03.28"]
[WhiteClock "0:00:17"]
[BlackClock "0:00:14"]

1. d4 g6 2. c4 Bg7 3. Nc3 d6 4. e4 e5 5. d5 a5 6. Bd3 Na6 7. Be3 Nh6 8. f3 f5 9. Nge2 O-O 10. Qd2 f4 11. Bf2 Bd7 12. a3 Nc5 13. Bxc5 dxc5 14. O-O-O a4 15. Rdf1 c6 16. Kb1 Rb8 17. Ka2 b5 18. Qd1 b4 19. Nxa4 Qa5 20. b3 cxd5 21. cxd5 Bxa4 22. bxa4 bxa3 23. Bb5 Nf7 24. Qe1 Rxb5 25. axb5 Qxb5 26. Qc3 Qxe2+ 27. Ka1 Nd6 28. Re1 Qxg2 29. Reg1 Qf2 30. Rf1 Qd4 31. Rc1 Nb5 32. Qxd4 Nxd4 33. Ka2 Nxf3 34. Rxc5 Nd2 35. d6 Nxe4 36. d7 Nxc5 0-1


[Site "https://www.chess.com"]

[Event "Titled Tuesday Blitz March 28 Late 2023"]
[White "Yurasova, Daria"]
[Black "Van Foreest, Machteld"]
[WhiteFideId "34146919"]
[BlackFideId "1051563"]
[WhiteElo "2134"]
[BlackElo "2018"]
[Result "1-0"]
[Round "04"]
[TimeControl "180+2"]
[Date "2023.03.28"]
[WhiteClock "0:00:09"]
[BlackClock "0:00:04"]

1. d4 d5 2. Nf3 Nf6 3. Bf4 e6 4. e3 c5 5. c3 Nc6 6. Nbd2 Be7 7. h3 O-O 8. Bd3 a6 9. O-O b5 10. Qe2 Bb7 11. Rad1 Rc8 12. Rfe1 b4 13. Bb1 bxc3 14. bxc3 Qa5 15. c4 cxd4 16. exd4 Nb4 17. c5 Qa4 18. Nb3 Ne4 19. Qb2 Qb5 20. Nfd2 f5 21. Nf3 a5 22. a3 Nc6 23. Bd3 Qa4 24. Nbd2 Nd8 25. Bb5 Qxd1 26. Rxd1 Nc6 27. a4 Bf6 28. Nxe4 fxe4 29. Ne5 Bh4 30. Bg3 Nxe5 31. dxe5 Be7 32. Rc1 Bxc5 33. Kh2 e3 34. fxe3 Bxe3 35. Rxc8 Bxc8 36. Qe2 d4 37. Bc4 Kh8 38. Qg4 Rf5 39. Qh4 Bg5 40. Qe4 Be3 41. Qa8 Rf8 42. Qc6 h6 43. Bxe6 Bxe6 44. Qxe6 d3 45. Qd6 Rf1 46. Qd8+ Kh7 47. Qxd3+ g6 48. Qxe3 1-0


[Site "https://www.chess.com"]

[Event "Titled Tuesday Blitz March 28 Late 2023"]
[White "Toniutti, Ezio"]
[Black "Jimenez, Joaquin"]
[WhiteFideId "113034"]
[BlackFideId "109860"]
[WhiteElo "2215"]
[BlackElo "2163"]
[Result "1-0"]
[Round "04"]
[TimeControl "180+2"]
[Date "2023.03.28"]
[WhiteClock "0:01:24"]
[BlackClock "0:02:01"]

1. d4 Nf6 2. c4 g6 3. Nc3 Bg7 4. e4 d6 5. f4 O-O 6. Nf3 Na6 7. Bd3 e5 8. fxe5 dxe5 9. d5 Nc5 10. Bc2 a5 11. O-O Bg4 12. Be3 Ncxe4 13. Bxe4 Nxe4 14. Nxe4 f5 15. Nf2 e4 16. Nxg4 exf3 17. Nh6+ Kh8 18. Rxf3 Qh4 19. Qd2 Rae8 20. Rh3 Qxc4 21. Rc1 Qxa2 22. Bd4 Re7 23. Bxg7+ Kxg7 24. Ra3 1-0


[Site "https://www.chess.com"]

[Event "Titled Tuesday Blitz March 28 Late 2023"]
[White "Onslow, Alfie"]
[Black "Quinones Garcia, Santiago"]
[WhiteFideId "436976"]
[BlackFideId "4408497"]
[WhiteElo "2114"]
[BlackElo "2263"]
[Result "1-0"]
[Round "04"]
[TimeControl "180+2"]
[Date "2023.03.28"]
[WhiteClock "0:00:33"]
[BlackClock "0:00:05"]

1. Nf3 d5 2. d4 c6 3. Bf4 Nf6 4. c4 g6 5. e3 Bg7 6. Nbd2 O-O 7. h3 e6 8. Be2 Nfd7 9. O-O b6 10. b4 Bb7 11. c5 f6 12. Bd6 Re8 13. Qb3 Ba6 14. Bxa6 Nxa6 15. a4 Nc7 16. b5 cxb5 17. c6 Nf8 18. Bxc7 Qxc7 19. axb5 Re7 20. Ra6 Rd8 21. Rfa1 Ra8 22. Qb4 e5 23. Rxb6 Qxb6 24. Qxe7 Qxb5 25. Qb7 Qxb7 26. cxb7 Rb8 27. Rxa7 Nd7 28. Nb3 Bf8 29. Na5 Re8 30. Ra8 Nb8 31. dxe5 fxe5 32. Nxe5 Bd6 33. Nd7 Kf7 34. Nxb8 Rxb8 35. Rxb8 Bxb8 36. Nc6 Bc7 37. b8=Q Bxb8 38. Nxb8 Ke6 39. Kf1 Kd6 40. Na6 Kc6 41. Nb4+ Kd6 42. Nd3 Ke6 43. Ke2 Kd6 44. Nf4 Ke5 45. Kd3 d4 46. Ne2 dxe3 47. Kxe3 h5 48. f4+ Kf5 49. Kf3 Kf6 50. Ke4 g5 51. fxg5+ Kxg5 52. g3 Kh6 53. Kf5 1-0


[Site "https://www.chess.com"]

[Event "Titled Tuesday Blitz March 28 Late 2023"]
[White "Skibbe, Willi"]
[Black "a-z30"]
[WhiteFideId "4682190"]
[WhiteElo "2314"]
[BlackElo "2506"]
[Result "1/2-1/2"]
[Round "04"]
[TimeControl "180+2"]
[Date "2023.03.28"]
[WhiteClock "0:00:11"]
[BlackClock "0:00:15"]

1. d4 d6 2. e4 Nf6 3. Nc3 g6 4. Nf3 Bg7 5. Be2 O-O 6. O-O Bg4 7. Be3 Nc6 8. d5 Bxf3 9. Bxf3 Ne5 10. Be2 c6 11. f4 Ned7 12. dxc6 bxc6 13. Qd2 Qc7 14. Bf3 Rab8 15. b3 Rfe8 16. Rad1 Qa5 17. a4 Nh5 18. Ne2 Qxd2 19. Rxd2 a5 20. e5 Bh6 21. g4 Nxf4 22. Bxf4 Bxf4 23. Nxf4 Nxe5 24. Nd3 Nxf3+ 25. Rxf3 e5 26. Rf6 Re6 27. g5 Kg7 28. Rdf2 Rxf6 29. Rxf6 Rd8 30. Nf2 h6 31. h4 hxg5 32. hxg5 Kf8 33. Ng4 Ke7 34. Nh6 Rf8 35. Kf2 c5 36. Ke3 d5 37. Rc6 c4 38. bxc4 dxc4 39. Rxc4 Ke6 40. Ke4 Rb8 41. Rc6+ Kd7 42. Ra6 Rb4+ 43. Kxe5 Rxa4 44. Ra7+ Kc6 45. Nxf7 Kb6 46. Rd7 Rc4 47. Rd2 a4 48. Kf6 Rc6+ 49. Kg7 a3 50. c4 Rxc4 51. Kxg6 Ka5 52. Nd6 Rc6 53. Kf7 Kb4 54. Nf5 Kc3 55. Ra2 Rc7+ 56. Ne7 Kb3 57. Ra1 Kb2 58. Rxa3 Kxa3 59. g6 Rb7 60. g7 Rb8 61. Ng6 Rb7+ 62. Ne7 Rb8 63. Ng6 Rb7+ 64. Ne7 1/2-1/2


[Site "https://www.chess.com"]

[Event "Titled Tuesday Blitz March 28 Late 2023"]
[White "Sreyas Payyappat"]
[Black "Mazibuko, Khanya"]
[WhiteFideId "46674969"]
[BlackFideId "14321041"]
[WhiteElo "2083"]
[BlackElo "1873"]
[Result "1-0"]
[Round "04"]
[TimeControl "180+2"]
[Date "2023.03.28"]
[WhiteClock "0:00:26"]
[BlackClock "0:00:25"]

1. e4 e5 2. Nf3 Nc6 3. Bc4 Bc5 4. c3 Nf6 5. d4 exd4 6. e5 d5 7. Bb5 Ne4 8. cxd4 Bb6 9. Nc3 O-O 10. Be3 Bg4 11. h3 Bh5 12. Qc2 Ba5 13. Bxc6 bxc6 14. O-O Bxf3 15. gxf3 Bxc3 16. fxe4 Ba5 17. Qxc6 Qh4 18. Kh2 Qxe4 19. Rg1 f5 20. Qe6+ Rf7 21. Bh6 g6 22. Rxg6+ hxg6 23. Qxg6+ Kh8 24. Qxf7 Rg8 25. Rg1 Rxg1 26. Kxg1 Qe1+ 27. Kg2 1-0


[Site "https://www.chess.com"]

[Event "Titled Tuesday Blitz March 28 Late 2023"]
[White "Nery Junior, Jose Antonio"]
[Black "Estrada Nieto, Julian"]
[WhiteFideId "2104822"]
[BlackFideId "5101018"]
[WhiteElo "2197"]
[BlackElo "2176"]
[Result "1-0"]
[Round "04"]
[TimeControl "180+2"]
[Date "2023.03.28"]
[WhiteClock "0:00:07"]
[BlackClock "0:00:01"]

1. e4 e5 2. Nf3 Nc6 3. Bc4 Bc5 4. d3 Nf6 5. c3 d6 6. Bb3 a6 7. Nbd2 Ba7 8. Nf1 Ng4 9. Ne3 Nxe3 10. Bxe3 O-O 11. h3 Be6 12. O-O d5 13. Bxa7 Rxa7 14. Qe2 d4 15. Nh2 Ra8 16. f4 exf4 17. Rxf4 dxc3 18. bxc3 Nd4 19. Qd1 Qg5 20. Rf2 Nxb3 21. axb3 Bxh3 22. Kh1 Be6 23. d4 Qe3 24. Raa2 Qxe4 25. Rae2 Qg6 26. Re3 Qh6 27. Rg3 Rfe8 28. Kg1 Bd5 29. Ng4 Qd6 30. Nf6+ Kh8 31. Qg4 Re1+ 32. Kh2 g6 33. Qh4 h5 34. c4 Be6 35. c5 Qf8 36. Rg5 Qh6 37. Nxh5 gxh5 38. Rxh5 Qxh5 39. Qxh5+ Kg7 40. Qg5+ Kf8 41. Qf6 Re8 42. Rf4 1-0


[Site "https://www.chess.com"]

[Event "Titled Tuesday Blitz March 28 Late 2023"]
[White "Mortazavi, Ali"]
[Black "Dardha, Arben"]
[WhiteFideId "401323"]
[BlackFideId "4700481"]
[WhiteElo "2339"]
[BlackElo "2196"]
[Result "1-0"]
[Round "04"]
[TimeControl "180+2"]
[Date "2023.03.28"]
[WhiteClock "0:00:16"]
[BlackClock "0:00:03"]

1. e4 c5 2. Nc3 Nc6 3. f4 g6 4. Nf3 Bg7 5. a4 d6 6. Bb5 Bd7 7. O-O Nd4 8. e5 Nxb5 9. axb5 Nh6 10. exd6 exd6 11. Re1+ Be6 12. d3 O-O 13. Ne4 b6 14. c3 d5 15. Neg5 Bf5 16. Ne5 Qd6 17. Nc6 Rfe8 18. Rxa7 Rxe1+ 19. Qxe1 Rxa7 20. Nxa7 Qd7 21. Nc6 Bxd3 22. Ne7+ Kf8 23. Nxh7+ Ke8 24. Nf5+ Kd8 25. Nxg7 Be4 26. f5 Nxf5 27. Bg5+ Kc8 28. Nf6 Qd6 29. Nxf5 gxf5 30. Qg3 Qe6 31. h4 d4 32. cxd4 cxd4 33. Kh2 d3 34. h5 Qb3 35. Ne8 Qd1 36. Qc7# 1-0


[Site "https://www.chess.com"]

[Event "Titled Tuesday Blitz March 28 Late 2023"]
[White "Dauner, Benedikt"]
[Black "Skaric, Djuro"]
[WhiteFideId "16225899"]
[BlackFideId "934569"]
[WhiteElo "2205"]
[BlackElo "2282"]
[Result "1-0"]
[Round "04"]
[TimeControl "180+2"]
[Date "2023.03.28"]
[WhiteClock "0:00:17"]
[BlackClock "0:00:28"]

1. g3 d6 2. Bg2 g6 3. h4 Bg7 4. h5 gxh5 5. e4 Nf6 6. Nc3 Nc6 7. Nh3 e5 8. d3 h6 9. Bf3 Bg4 10. Be2 Nd4 11. f3 Be6 12. Be3 Qd7 13. Nf2 Nxe2 14. Qxe2 a6 15. O-O-O O-O-O 16. d4 exd4 17. Bxd4 Rhg8 18. Nd3 Kb8 19. Nf4 Nh7 20. Bxg7 Rxg7 21. Nxh5 Rg5 22. g4 Ra5 23. a3 Qc6 24. Nf4 Rxa3 25. bxa3 Qxc3 26. Nxe6 Qxa3+ 27. Kd2 fxe6 28. Qd3 Qc5 29. Rxh6 Ng5 30. Rf6 Rh8 31. Re1 Qb4+ 32. Kd1 Rh2 33. Rf8+ Ka7 34. Qe3+ b6 35. Re2 Rh1+ 36. Re1 Rh2 37. Re2 Qb1+ 38. Kd2 Qb4+ 39. c3 Qb2+ 40. Kd3 Qb1+ 41. Kd2 Rh1 42. Re1 Qb2+ 43. Kd3 Qb5+ 44. Kd2 Rh2+ 45. Re2 Rxe2+ 46. Qxe2 Qb2+ 47. Kd3 Nh3 48. Qxb2 e5 49. Qb3 Nf4+ 50. Rxf4 1-0


[Site "https://www.chess.com"]